AoeStats
← K

Arena

510477932Analyzed
4v4 RM · 2d ago on Oct 1, 2026· 52m 26s· 8 players
Game mode
Random Map
Map size
Large (8 player)
Population
200
Speed
Normal
Resources
Standard
Victory
Conquest
Starting age
Dark Age
Ending age
Imperial Age
RankedLock teamsTeams togetherTeam positionsShared explorationLock speedFull tech treeHidden civsTurbo modeCheats
Victory
Defeat
🇷🇺 Cumans · Russia
1202
+15
🇨🇳 Franks · China
1199
+15
🇨🇳 Mongols · China
1169
+17
🇲🇽 Britons · Mexico
1134
+18
🇨🇳 Burmese · China
1201
-17
🇨🇳 Huns · China
1184
-16
🇹🇼 Franks · Taiwan
1172
-16
🇬🇧 Spanish · United Kingdom
1168
-16
435589836
0:43 Loom
10:28 Feudal Age
14:51 Castle Age
14:55 Wheelbarrow
17:16 Hand Cart
23:00 Gold Mining
29:23 Imperial Age
28:08 Bloodlines
27:59 Husbandry
27:58 Pikeman
28:23 Gambesons
28:38 Squires
28:23 Arson
28:42 Scale Mail Armor
28:53 Forging
28:49 Scale Barding Armor
28:21 Light Cavalry
29:49 Gold Shaft Mining
29:39 Chain Mail Armor
30:29 Conscription
29:36 Halberdier
31:30 Manipur Cavalry
31:07 Hussar
32:27 Iron Casting
35:08 Plate Mail Armor
35:38 Blast Furnace
34:59 Chain Barding Armor
41:27 Plate Barding Armor
K
10:36 Feudal Age
16:14 Castle Age
14:48 Double-Bit Axe
14:52 Horse Collar
17:44 Gold Mining
18:27 Padded Archer Armor
19:28 Leather Archer Armor
27:46 Heavy Plow
27:57 Bow Saw
33:02 Imperial Age
30:20 Loom
31:52 Wheelbarrow
31:03 Town Watch
34:22 Hand Cart
35:09 Ring Archer Armor
41:47 Elite Conquistador
46:27 Chemistry
45:48 Ballistics
46:36 Fletching
47:10 Conscription
Zarathustra
10:35 Feudal Age
11:56 Loom
15:05 Castle Age
13:33 Double-Bit Axe
15:00 Horse Collar
17:32 Bow Saw
22:20 Stone Mining
22:25 Gold Mining
24:17 Heavy Plow
26:31 Wheelbarrow
26:54 Scale Barding Armor
27:00 Forging
30:20 Imperial Age
28:20 Hand Cart
28:42 Chain Barding Armor
29:21 Bloodlines
29:11 Husbandry
30:30 Iron Casting
30:35 Marauders
31:38 Plate Barding Armor
30:34 Elite Tarkan
32:43 Blast Furnace
34:27 Fletching
34:37 Padded Archer Armor
35:52 Two-Man Saw
36:30 Bodkin Arrow
36:36 Scale Mail Armor
36:52 Leather Archer Armor
38:09 Chain Mail Armor
37:57 Squires
37:18 Pikeman
37:47 Arson
43:41 Halberdier
Speechless
DF.FISH
10:31 Feudal Age
11:52 Loom
14:33 Castle Age
13:06 Horse Collar
16:57 Double-Bit Axe
21:02 Bow Saw
22:18 Wheelbarrow
21:45 Town Watch
22:12 Gold Mining
22:27 Heavy Plow
27:01 Hand Cart
30:16 Imperial Age
28:39 Forging
28:35 Scale Barding Armor
28:33 Stone Mining
29:52 Gold Shaft Mining
29:53 Stone Shaft Mining
30:01 Iron Casting
30:40 Husbandry
30:51 Bloodlines
31:05 Chain Barding Armor
30:19 Elite Steppe Lancer
33:29 Blast Furnace
33:44 Fletching
33:55 Padded Archer Armor
34:38 Conscription
34:57 Elite Mangudai
36:24 Heavy Camel Rider
42:16 Chemistry
41:38 Ballistics
42:21 Chemistry
41:48 Scale Mail Armor
41:45 Bodkin Arrow
42:05 Leather Archer Armor
42:39 Bracer
43:56 Nomads
44:16 Drill
44:30 Capped Ram
44:40 Onager
45:36 Siege Ram
48:04 Town Patrol
47:43 Siege Onager
50:30 Light Cavalry
Hari_Seldon
Unlucky
10:09 Feudal Age
11:21 Double-Bit Axe
11:17 Horse Collar
18:18 Wheelbarrow
17:50 Loom
20:35 Castle Age
19:28 Stone Mining
20:41 Gold Mining
21:52 Bow Saw
23:25 Fletching
25:09 Bodkin Arrow
26:34 Heavy Plow
27:08 Hand Cart
30:13 Imperial Age
29:01 Ballistics
28:06 Capped Ram
29:34 Town Watch
30:34 Padded Archer Armor
30:15 Siege Ram
31:38 Conscription
33:01 Elite Kipchak
36:08 Chemistry
36:21 Murder Holes
40:05 Leather Archer Armor
40:03 Bloodlines
43:53 Ring Archer Armor
46:41 Masonry
47:15 Hoardings
50:05 Parthian Tactics
49:46 Thumb Ring
鱼鱼
10:13 Feudal Age
13:44 Castle Age
12:03 Double-Bit Axe
16:14 Bow Saw
22:14 Wheelbarrow
23:02 Stone Mining
23:57 Hand Cart
26:13 Loom
26:13 Town Watch
26:27 Gold Mining
29:40 Imperial Age
28:22 Scale Barding Armor
28:27 Forging
28:55 Husbandry
30:09 Chain Barding Armor
30:44 Gold Shaft Mining
29:46 Cavalier
30:48 Conscription
31:06 Iron Casting
30:47 Chivalry
31:02 Paladin
32:21 Plate Barding Armor
33:31 Blast Furnace
43:45 Fortified Wall
43:17 Treadmill Crane
43:43 Siege Engineers
44:39 Chemistry
43:50 Masonry
44:35 Elite Throwing Axeman
45:37 Scale Mail Armor
48:29 Ballistics
48:40 Architecture
49:18 Chain Mail Armor
Connection lost

Rejoining the realm…

Still unreachable

The connection could not be restored.

Session expired

The server has moved on; the page needs a fresh start.